[Event "Late-Titled-Tuesday-Blitz-January-30-2024"]
[Site "Chess.com"]
[Date "2024.01.30"]
[Round "6"]
[White "Chesstrainer1"]
[Black "melissa_guez"]
[Result "0-1"]
[WhiteElo "2481"]
[BlackElo "2266"]
[TimeControl "180+1"]
[EndTime "15:08:17 PST"]
[Termination "melissa_guez won on time"]

1. d4 d5 2. c4 c6 3. Nf3 Nf6 4. Nc3 e6 5. e3 Nbd7 6. Qc2 Bd6 7. Be2 O-O 8. O-O dxc4 9. Bxc4 b5 10. Be2 Qe7 11.
a3 e5 12. Ng5 h6 13. Nge4 Nxe4 14. Nxe4 exd4 15. exd4 Bb7 16. Nxd6 Qxd6 17. Bf3 Qxd4 18. Rd1 Qc5 19. Qxc5 Nxc5 20. Bf4 Ne6 21. Bd6 Rfd8 22.
b4 a5 23. g3 axb4 24. Bxb4 Rxd1+ 25. Rxd1 Rd8 26. Rc1 Rc8 27. h4 Nd4 28. Bd1 Ne6 29. Bf3 Rc7 30. Rc3 Nd4 31. Bd1 Ne6 32. Bf3 f6 33.
Kg2 Kf7 34. Ba5 Rc8 35. Bb4 Nd4 36. Be4 Ne6 37. g4 Ba8 38. Kg3 g5 39. h5 Nf4 40.
Kf3 Bb7 41. Bc5 Ne6 42. Be3 Ra8 43. Kg3 Ra6 44. Bf5 Bc8 45. Rd3 c5 46. Bxe6+ Bxe6 47. Bxc5 Bc4 48. Re3 Re6 49. Rc3 Rc6 50. Bb4 Ke6 51. f3 f5 52. Re3+ Kf6 53. Bc3+ Kf7 54. gxf5 Rc5 55. f6 Rc6 56. Re7+ Kf8 57. Rh7 Bg8 0-1

[Event "Late-Titled-Tuesday-Blitz-January-30-2024"]
[Site "Chess.com"]
[Date "2024.01.30"]
[Round "6"]
[White "MikaelyanArman"]
[Black "Azerichess"]
[Result "0-1"]
[WhiteElo "2854"]
[BlackElo "3074"]
[TimeControl "180+1"]
[EndTime "15:08:18 PST"]
[Termination "Azerichess won on time"]

1. d4 Nf6 2. c4 g6 3. Nc3 d5 4. cxd5 Nxd5 5. e4 Nxc3 6. bxc3 Bg7 7. Nf3 c5 8. Bb5+ Nc6 9. O-O O-O 10. Be3 cxd4 11.
cxd4 Bg4 12. Bxc6 bxc6 13. Rc1 Bxf3 14. Qxf3 Bxd4 15. Rfd1 e5 16. Bxd4 exd4 17. Rxc6 Qa5 18. h4 Qxa2 19. h5 Rac8 20. Rxc8 Rxc8 21. Qf6 Qe2 22. Ra1 Qxh5 23. Qxd4 a5 24. e5 Qf5 25.
Rxa5 Rc1+ 26. Kh2 h5 27. Ra8+ Rc8 28. Rxc8+ Qxc8 29. Qd6 Qf5 30. Kg1 g5 31. Qh6 h4 32.
Qd6 Kg7 33. f3 Qe6 34. Qd4 Kg6 35. Qe4+ Qf5 36. Qc6+ Kg7 37. Qd6 Qb1+ 38. Kh2 Qf5 39. Qd5 Qf4+ 40. Kg1 h3 41. gxh3 Qg3+ 42. Kf1 Qxh3+ 43.
Kf2 Qf5 44. Qd4 Kg6 45. Qd6+ Kh5 46. Kg3 Qf4+ 47. Kg2 Qf5 48. Qe7 Kh4 49. Qd6 Qc2+ 50.
Kf1 Qc1+ 51. Ke2 Qc2+ 52. Kf1 Qb1+ 53. Ke2 Qb2+ 54. Kf1 Qc1+ 55. Ke2 Qf4 56. Qd5 Kg3 0-1

[Event "Late-Titled-Tuesday-Blitz-January-30-2024"]
[Site "Chess.com"]
[Date "2024.01.30"]
[Round "6"]
[White "BilodeauA"]
[Black "Hikaru"]
[Result "0-1"]
[WhiteElo "3031"]
[BlackElo "3298"]
[TimeControl "180+1"]
[EndTime "15:08:19 PST"]
[Termination "Hikaru won by resignation"]

1. e4 c5 2. Nf3 e6 3. Nc3 a6 4. h3 Qc7 5. a4 Nc6 6. d3 g6 7. g3 Bg7 8. Bg2 Nge7 9. O-O d5 10. exd5 exd5 11. Bf4 Qd8 12. Qd2 h6 13. h4 f6 14.
Rfe1 Kf7 15. d4 c4 16. b3 cxb3 17. cxb3 Bf5 18. Rac1 Rc8 19. Be3 Qd7 20. Ne2 g5 21. b4 b6 22. Rc3 a5 23. b5 Nb4 24. Rec1 Rxc3 25. Rxc3 Rc8 26. hxg5 hxg5 27. Ne1 Bf8 28. Nc1 Rxc3 29. Qxc3 Qc8 30. Qd2 Be4 31. Bf1 Nf5 32.
Ncd3 Nxe3 33. Qxe3 Na2 34. Nf3 Nc3 35. Nd2 Bf5 36.
Bg2 Qe6 37. Ne5+ fxe5 38. Qxc3 e4 39. Nf1 Qc8 40. Qd2 Kg6 41. Ne3 Be6 42. f3 Bb4 43.
Qe2 Qc1+ 44. Kh2 Bd2 45. Nf1 e3 46. f4 Qc4 47. Qd1 e2 48. Qxd2 exf1=Q 49. Bxf1 Qxf1 50.
Qe3 Qh3+ 51. Kg1 Qf5 52. fxg5 Qe4 53. Qc3 Bh3 54. Kf2 Kxg5 55. Qd2+ Kg6 56. Qc3 Kh5 57.
Qc7 Qxd4+ 58. Ke1 Qe4+ 59. Kd2 Qd4+ 60. Ke1 Qe3+ 61. Kd1 Bg4+ 62. Kc2 Qc5+ 0-1

[Event "Late-Titled-Tuesday-Blitz-January-30-2024"]
[Site "Chess.com"]
[Date "2024.01.30"]
[Round "6"]
[White "DenLaz"]
[Black "temus_galaktionov"]
[Result "1-0"]
[WhiteElo "3051"]
[BlackElo "2887"]
[TimeControl "180+1"]
[EndTime "15:08:19 PST"]
[Termination "DenLaz won by resignation"]

1. d4 c6 2. c4 g6 3. Nf3 Bg7 4. Nc3 d6 5. g3 Nf6 6. Bg2 O-O 7. O-O Nbd7 8. e4 e5 9. h3 a5 10. Be3 exd4 11. Nxd4 Re8 12. Qc2 Nc5 13. Rad1 Qc7 14. Rfe1 a4 15. f4 Qa5 16. Bf2 h5 17. Nf3 Rd8 18. f5 gxf5 19. exf5 Qb4 20. Bd4 Qxc4 21. Qd2 Bxf5 22. Qg5 Ne6 23. Qxf5 Nxd4 24. Rxd4 Qc5 25. Qxc5 dxc5 26. Rxd8+ Rxd8 27. Nxa4 c4 28. Ne5 Rd4 29. Nc5 Rd2 30. Nxc4 Rc2 31. Bf1 b5 32. Bd3 Rxc4 33. Bxc4 bxc4 34. Ne4 Nd5 35. Rc1 Nb6 36. b3 cxb3 37. axb3 Bd4+ 38. Kg2 Kf8 39. Rxc6 Ke7 40. Rc7+ Ke6 41. Ng5+ Kf6 42. Nf3 Be3 43. Rc6+ Ke7 44.
Nh4 Kd7 45. Rf6 Ke7 46. Rf3 Bc5 47. Nf5+ Kf6 48. Ne3+ Ke6 49. Nc4 Nd5 50. Rd3 Nb4 51.
Rd8 Nc6 52. Rh8 Nd4 53. Rxh5 Bb4 54. Re5+ Kf6 55. Rd5 Bc3 56. b4 Ke6 57. Re5+ Kf6 58. Re4 Nb5 59. Ne3 Kg6 60. Nd5 Bd2 61. g4 f5 62. Ne7+ Kg5 63. Nxf5 Nc3 64. Rd4 Bf4 65. Rc4 Nd5 66. Kf3 Bb8 67. b5 Ba7 68. h4+ Kf6 69.
Rc6+ Ke5 70. h5 1-0

[Event "Late-Titled-Tuesday-Blitz-January-30-2024"]
[Site "Chess.com"]
[Date "2024.01.30"]
[Round "6"]
[White "oskariot"]
[Black "vugarrasulov"]
[Result "1/2-1/2"]
[WhiteElo "2759"]
[BlackElo "2941"]
[TimeControl "180+1"]
[EndTime "15:08:19 PST"]
[Termination "Game drawn - insufficient material"]

1. e4 e5 2. Nf3 Nc6 3. Nc3 Nf6 4. h3 d6 5. d4 exd4 6. Nxd4 Be7 7. Be3 O-O 8. Qd2 d5 9. exd5 Nxd5 10. Nxd5 Qxd5 11. Nb5 Qe5 12. O-O-O Rd8 13. Bd3 a6 14. Nc3 Nb4 15. Qe2 Bf6 16. Bc4 Be6 17. a3 Nc6 18. Rxd8+ Rxd8 19. Rd1 Rxd1+ 20. Nxd1 h6 21. Bxe6 Qxe6 22. Kb1 Nd4 23.
Qd3 c5 24. c3 c4 25. Qd2 Nb3 26. Qc2 b5 27. g4 a5 28. Qf5 Qc6 29. f3 g6 30. Qe4 Qd6 31. Nf2 Bg5 32. Ka2 Kg7 33. f4 Bh4 34. Qf3 Bxf2 35. Qxf2 Qd1 36. Bd4+ Kh7 37.
Qg1 Qxg1 38. Bxg1 f5 39. gxf5 gxf5 40. a4 bxa4 41. Ka3 Nc1 42. Kxa4 Nd3 43. Be3 Nxb2+ 44. Kxa5 Kg6 45. Kb5 Kh5 46. Bc1 Nd3 47. Bd2 Nb2 48. Bc1 Nd3 49. Be3 Nb2 50. Bc5 Kh4 51. Ba3 Nd3 52.
Kxc4 Nxf4 53. Kd4 Kxh3 54. c4 h5 55. Ke5 Nd3+ 56. Kxf5 Kg3 57. c5 Nxc5 58. Bxc5 h4 59. Kg5 Kf3 60. Kxh4 1/2-1/2

[Event "Late-Titled-Tuesday-Blitz-January-30-2024"]
[Site "Chess.com"]
[Date "2024.01.30"]
[Round "6"]
[White "ChEsper99"]
[Black "Bryanl106"]
[Result "0-1"]
[WhiteElo "2161"]
[BlackElo "2538"]
[TimeControl "180+1"]
[EndTime "15:08:20 PST"]
[Termination "Bryanl106 won on time"]

1. d4 Nf6 2. Bf4 d5 3. e3 e6 4. c3 c5 5. Nf3 Bd6 6. Bg3 O-O 7. Nbd2 Qc7 8. dxc5 Qxc5 9. Bd3 Nbd7 10. O-O Bxg3 11. hxg3 e5 12. e4 b6 13. exd5 Qxd5 14. Qe2 Bb7 15.
Rfe1 h6 16. Ne4 Nxe4 17. Bxe4 Qxe4 18. Qxe4 Bxe4 19. Rxe4 f5 20. Ree1 e4 21. Rad1 Nc5 22. Ne5 Rfe8 23. Nc4 Rad8 24. Ne3 g6 25. Rxd8 Rxd8 26.
Rd1 Nd3 27. Kf1 Rc8 28. Rd2 Kf7 29. Nc2 h5 30. Ne1 Ne5 31. f3 h4 32. fxe4 hxg3 33. exf5 gxf5 34. Ke2 Ke6 35. Nf3 Nc4 36. Rc2 f4 37.
Nd4+ Kf6 38. Kf3 Ne3 39. Rd2 Ke5 40. Ne2 Nd5 41. c4 Rxc4 42. b3 Rc5 43. Rd4 Rc2 44. Re4+ Kd6 45. Nxf4 Rc3+ 46. Kg4 Nf6+ 47. Kf5 Nxe4 48.
Kxe4 Rc2 49. Kf3 Rxa2 50. Kxg3 Rb2 51. Kg4 Rxb3 52. Kf5 Rb5+ 53. Kf6 Rb4 54. g3 a5 55. Kf5 a4 56. g4 Rxf4+ 57. Kxf4 a3 0-1

[Event "Late-Titled-Tuesday-Blitz-January-30-2024"]
[Site "Chess.com"]
[Date "2024.01.30"]
[Round "6"]
[White "wqws"]
[Black "snowlord"]
[Result "1-0"]
[WhiteElo "2626"]
[BlackElo "2860"]
[TimeControl "180+1"]
[EndTime "15:08:23 PST"]
[Termination "wqws won by resignation"]

1. e4 c6 2. d4 d5 3. e5 c5 4.
dxc5 Nc6 5. f4 Nh6 6. Nf3 Bg4 7.
Be3 Nf5 8. Bf2 e6 9. c3 d4 10. b4 dxc3 11. Nxc3 Nxb4 12. Bb5+ Nc6 13. Qa4 Bxf3 14. gxf3 Qc8 15. Ke2 Be7 16. Rhd1 O-O 17. Bxc6 bxc6 18. Rab1 f6 19. Ne4 fxe5 20. fxe5 Rb8 21.
Nd6 Bxd6 22. cxd6 c5 23. Rxb8 Qxb8 24. Qc4 Qb2+ 25. Kf1 Qxe5 26. d7 Nd4 27. Bxd4 cxd4 28. Qxd4 Qxd4 29. Rxd4 Rd8 30. Ke2 Kf7 31. Ke3 Ke7 32.
Rh4 h6 33. Rg4 Kf6 34. Rf4+ Ke5 35. Rf7 g5 36. Rh7 Kd6 37. Rxh6 Rxd7 38. Rh5 Rg7 39. Kf2 Ke5 40. Kg3 Kf6 41. Rh6+ Kf5 42. Rh8 Rb7 43.
Rf8+ Kg6 44. Re8 Kf7 45. Ra8 Kf6 46. a4 Kf5 47. a5 Rb3 48. Rxa7 Ra3 49. h3 e5 50. Ra8 e4 51. a6 Rxf3+ 52. Kg2 Kf4 53. a7 Rg3+ 54. Kh2 Ra3 55. Rf8+ Ke3 56. a8=Q Rxa8 57.
Rxa8 Kf3 58. Rf8+ 1-0

[Event "Late-Titled-Tuesday-Blitz-January-30-2024"]
[Site "Chess.com"]
[Date "2024.01.30"]
[Round "6"]
[White "annasargsyan_m"]
[Black "alexgo05"]
[Result "0-1"]
[WhiteElo "2528"]
[BlackElo "2401"]
[TimeControl "180+1"]
[EndTime "15:08:23 PST"]
[Termination "alexgo05 won on time"]

1. d4 Nf6 2. c4 c6 3. Nf3 b5 4. cxb5 cxb5 5. g3 Bb7 6. Bg2 e6 7. O-O Be7 8. a4 b4 9. Nbd2 O-O 10. Nc4 Nc6 11. Nfe5 Qc8 12. b3 Nxe5 13. Bxb7 Qxb7 14.
dxe5 Ne4 15. Bb2 f6 16. Qd3 fxe5 17. Nxe5 Bc5 18. Bd4 Bxd4 19. Qxd4 d5 20. f3 Nc3 21. Rae1 Rac8 22. Kg2 a5 23. Nd3 Na2 24. Qe5 Qb6 25. Rf2 Rc2 26. Nf4 Rf6 27. g4 Nc3 28. g5 Rf5 29.
Qxe6+ Qxe6 30. Nxe6 Re5 31. Nd4 Rxg5+ 32. Kf1 Rd2 33. Ne6 Re5 34. Nc5 d4 35. Nd3 Re3 36.
Nc5 Rb2 37. f4 Kf7 38. Nb7 Rxb3 39. Nxa5 Rb1 40. Nc4 Rxe1+ 41. Kxe1 Rh3 42. Rg2 Nxa4 43. Kd2 Rc3 44. Ne5+ Kf6 45. Rg1 b3 46. Rb1 b2 47.
Nf3 Rc5 48. Nxd4 Rd5 49. e3 Ra5 50. Kc2 Ra7 51. Kb3 Nc5+ 52. Kc4 Rc7 53. Nb5 Rc8 54. Kd4 Ne6+ 55. Ke4 Rc2 56. Nd4 Nc5+ 57. Kf3 Rxh2 58. e4 Rd2 59. e5+ Kf7 60. Ne2 Rd3+ 61. Kf2 Na4 62. f5 Ra3 63. e6+ Kf6 0-1

[Event "Late-Titled-Tuesday-Blitz-January-30-2024"]
[Site "Chess.com"]
[Date "2024.01.30"]
[Round "6"]
[White "AndreyNeves"]
[Black "wild3000"]
[Result "1-0"]
[WhiteElo "2090"]
[BlackElo "2331"]
[TimeControl "180+1"]
[EndTime "15:08:25 PST"]
[Termination "AndreyNeves won by checkmate"]

1. d4 a5 2. e4 h5 3. Nf3 h4 4. h3 e6 5. Nc3 Be7 6. Bd3 c6 7. Be3 d5 8. a3 Nf6 9. e5 Nfd7 10. Ne2 c5 11. c3 Nc6 12. O-O a4 13. Qd2 cxd4 14. cxd4 Qa5 15. Nc3 Nb6 16. Qe2 Bd7 17.
Rad1 Rc8 18. Nh2 Nc4 19. Bxc4 dxc4 20. f4 g6 21. d5 exd5 22. Rxd5 Qa6 23. Rfd1 Be6 24.
R5d2 O-O 25. Ng4 Rfd8 26. Nf6+ Kg7 27. Nce4 Rxd2 28. Rxd2 Rd8 29. Rxd8 Bxd8 30. Nc5 Qb5 31. Nxe6+ fxe6 32. Ne8+ Kh7 33. Nd6 Qd5 34. Qxc4 Qxc4 35. Nxc4 Kg7 36. Nd6 b6 37. Nb5 Na5 38. Nc3 Nc4 39.
Bc1 b5 40. Nxb5 Bb6+ 41. Kf1 Ba5 42. Nc3 Bxc3 43. bxc3 Kf7 44. Ke2 Ke7 45. Kd3 Nb6 46. c4 Kd7 47. Be3 Nc8 48. Bf2 Kc6 49. Bxh4 Nb6 50. Bf2 Nd7 51. g4 g5 52. fxg5 Nxe5+ 53. Kc3 Kd7 54. Bd4 Nf3 55. g6 Ke8 56. g7 Kf7 57.
Bf6 e5 58. h4 e4 59. h5 Kg8 60. h6 Kh7 61. c5 e3 62. Kd3 Ne1+ 63. Ke2 Nc2 64.
c6 Nxa3 65. c7 Nc4 66. c8=Q Nd6 67. Qe6 a3 68. g8=Q+ Kxh6 69. Qg5+ Kh7 70. Qg7# 1-0

[Event "Late-Titled-Tuesday-Blitz-January-30-2024"]
[Site "Chess.com"]
[Date "2024.01.30"]
[Round "6"]
[White "OneTrickPony_82"]
[Black "Anar_Aliakbarov"]
[Result "1-0"]
[WhiteElo "2511"]
[BlackElo "2647"]
[TimeControl "180+1"]
[EndTime "15:08:26 PST"]
[Termination "OneTrickPony_82 won on time"]

1. d4 d5 2. c4 e6 3. Nf3 Nf6 4.
Nc3 Bb4 5. Qa4+ Nc6 6. e3 O-O 7.
Bd2 a6 8. Qc2 Re8 9. a3 Bd6 10. c5 Bf8 11. Bd3 e5 12. dxe5 Nxe5 13. Nxe5 Rxe5 14. Ne2 c6 15. Bc3 Re8 16. Bxf6 Qxf6 17.
Bxh7+ Kh8 18. Bd3 a5 19. O-O a4 20. Nd4 Ra5 21. b4 axb3 22. Nxb3 Ra8 23. a4 g6 24. a5 Kg7 25. Ra4 Be7 26. Rc1 Bd8 27. Qc3 Bc7 28. Qxf6+ Kxf6 29. g3 Ra7 30. h4 Bd7 31. Kg2 Rea8 32.
Rca1 Be5 33. R1a2 Be6 34. Nd4 Bc7 35. f4 Rxa5 36. Rxa5 Rxa5 37. Rxa5 Bxa5 38. Nxe6 fxe6 39. g4 Bb4 40. g5+ Kf7 41. e4 Bxc5 42. f5 exf5 43.
exf5 gxf5 44. Bxf5 Ke7 45. Kf3 b5 46. h5 Bd4 47. h6 Kf8 48. g6 c5 49. Be6 c4 50.
Bxd5 c3 51. Bb3 b4 52. Ke4 Bf6 53. Kf5 Bd4 54. Kg5 Be3+ 55. Kh5 Bd4 56. Kg4 Be5 57. Kg5 Bh8 58. Kf5 Bd4 59. Ke4 Bh8 60. Kd3 Bf6 61. Ke4 Bh8 62. Kd5 Bf6 63. Kc5 c2 64. Bxc2 Bg5 65. g7+ Kf7 66. Bb3+ 1-0

[Event "Late-Titled-Tuesday-Blitz-January-30-2024"]
[Site "Chess.com"]
[Date "2024.01.30"]
[Round "6"]
[White "K_A_S_T_O_R"]
[Black "Hamisandwich"]
[Result "1-0"]
[WhiteElo "2917"]
[BlackElo "2721"]
[TimeControl "180+1"]
[EndTime "15:08:27 PST"]
[Termination "K_A_S_T_O_R won on time"]

1. e4 c6 2. d4 d5 3. exd5 cxd5 4. c4 Nf6 5. Nc3 a6 6. cxd5 Nxd5 7. Bc4 Nxc3 8. Qb3 Nd5 9. Bxd5 e6 10. Bxb7 Bxb7 11.
Qxb7 Nd7 12. Nf3 Rb8 13. Qxa6 Bb4+ 14. Ke2 O-O 15. Rd1 Nf6 16. Kf1 Qd5 17. Qd3 Bd6 18. b3 Rfd8 19. Bg5 Be7 20. Rac1 h6 21. Bh4 g5 22.
Bg3 Ra8 23. Rc2 Ne4 24. Kg1 f5 25. Bc7 Rf8 26. Qc4 Qxc4 27. bxc4 Rfc8 28. Bb6 Ra6 29. Rb1 Ra4 30. Ne5 Bf6 31. f3 Bxe5 32. dxe5 Nc5 33. Rb5 Nd7 34. Bd4 Rcxc4 35. Rxc4 Rxc4 36. Bb2 Rc2 37. a4 Rc4 38. a5 Ra4 39. Kf1 f4 40. Ke2 Kf7 41. Kd3 Kg6 42. Kc2 Rc4+ 43. Kb3 Rc6 44.
Bd4 Kf5 45. Kb4 Rc8 46. Rb7 Nb8 47. Kb5 Nc6 48. Rf7+ Kg6 49. Rf6+ Kg7 50. Ba1 Nd8 51.
a6 Rb8+ 52. Kc5 Rb1 53. Bc3 Rc1 54. Kc4 Nc6 55. Rxe6 Na5+ 56. Kd3 Nb3 57. Re7+ Kf8 58. a7 Nc5+ 59. Kc4 Kxe7 60. a8=Q Nd7 61. Qa3+ 1-0

[Event "Late-Titled-Tuesday-Blitz-January-30-2024"]
[Site "Chess.com"]
[Date "2024.01.30"]
[Round "6"]
[White "alexrustemov"]
[Black "Kleyton_Lima"]
[Result "0-1"]
[WhiteElo "2757"]
[BlackElo "2602"]
[TimeControl "180+1"]
[EndTime "15:08:36 PST"]
[Termination "Kleyton_Lima won on time"]

1. d4 Nf6 2. c4 e6 3. Nf3 b6 4.
a3 Be7 5. Nc3 Bb7 6. Qc2 d5 7.
cxd5 Nxd5 8. Bd2 Nxc3 9. Bxc3 O-O 10. Rd1 Nd7 11. e3 Nf6 12. Bd3 h6 13. O-O Rc8 14. Qa4 a5 15. Ne5 Qe8 16. Bb5 c6 17. Be2 Bd6 18.
Qb3 Bxe5 19. dxe5 Nd7 20. Rd6 Rc7 21. Rfd1 Ba8 22. Qc2 Qc8 23. Qd2 Nc5 24. Rd8 Rxd8 25. Qxd8+ Kh7 26. b4 Na4 27. Qd3+ g6 28. Be1 Nb2 29.
Qc3 Nxd1 30. Bxd1 c5 31. bxa5 bxa5 32. Qxa5 Rd7 33. Be2 c4 34. f3 Rd5 35. Qa7 Qb7 36. Qxb7 Bxb7 37. Bc3 Rb5 38. Bb4 Rxe5 39. Kf2 Ba6 40.
e4 Rb5 41. Ke3 Rb6 42. Kd4 Rc6 43. Kc3 Bb5 44. f4 g5 45. g3 Rc8 46. Bf3 Rd8 47.
Be2 Kg6 48. Bc5 Rc8 49. Kb4 c3 50. Bd1 Bd3 51. f5+ exf5 52. exf5+ Kxf5 53. g4+ Kf4 54. Bd6+ Ke3 55. Bc5+ Rxc5 56. Kxc5 c2 57. Bxc2 Bxc2 58.
Kd5 f5 59. gxf5 Bxf5 60. Ke5 Be4 61. Kf6 Kf4 62. a4 h5 63. a5 h4 64. a6 g4 65.
a7 g3 66. hxg3+ hxg3 0-1

[Event "Late-Titled-Tuesday-Blitz-January-30-2024"]
[Site "Chess.com"]
[Date "2024.01.30"]
[Round "6"]
[White "english_player_89"]
[Black "Baby_Legs"]
[Result "0-1"]
[WhiteElo "2432"]
[BlackElo "2607"]
[TimeControl "180+1"]
[EndTime "15:08:36 PST"]
[Termination "Baby_Legs won by checkmate"]

1. e4 g6 2. d4 Bg7 3. Nf3 d6 4.
Bd3 Nf6 5. O-O O-O 6. Re1 Nc6 7. c3 e6 8. Nbd2 b6 9. Nf1 Bb7 10. Ng3 e5 11. h3 Re8 12. Bg5 h6 13. Be3 Kh7 14. Qd2 Qe7 15. Rad1 Rad8 16. d5 Nb8 17.
c4 a5 18. a3 Nbd7 19. b4 Ra8 20. Ra1 Ra7 21. Rec1 Rea8 22. c5 dxc5 23. bxc5 Nxc5 24. Bxc5 bxc5 25. Qc3 Nxd5 26. Qxc5 Qxc5 27. Rxc5 Nf4 28. Bc4 f6 29. Rxc7 Rc8 30. Rxc8 Bxc8 31. Bb5 Rc7 32. Nd2 Be6 33. Ngf1 Rc2 34. a4 Bf8 35. Rb1 Bb4 36.
Nb3 Rc3 37. Nbd2 Bc5 38. Ba6 h5 39. h4 Rc2 40. Rb5 Ne2+ 41. Kh2 Nd4 42. Rb7+ Kh6 43. Bd3 Rc3 44. Bb5 Nc2 45. Kg1 Nd4 46. Bd7 Bxd7 47. Rxd7 Ne2+ 48. Kh2 Bxf2 49. Rd5 Bc5 50. Nf3 Nf4 51. Rd2 Bb4 52. Ra2 Rc4 53. N1d2 Rc1 54. Nb3 Rc3 55. Rb2 Nd3 56. Rb1 Kg7 57. Nbd2 Kf7 58. Rd1 Nb2 59. Rb1 Nxa4 60. Nf1 Nc5 61. Ng3 Rb3 62. Rf1 Ke6 63. Kh3 a4 64. Rd1 a3 65.
Ne2 a2 66. Ra1 Rb2 67. Nc1 Nxe4 68. Nxa2 Bd6 69. Nc1 Nf2+ 70. Kh2 e4+ 71. Ne5 Bxe5+ 72.
Kg1 Ng4 73. Ra6+ Kf5 74. Ra4 Rb1 75. g3 Rxc1+ 76. Kg2 Rc2+ 77. Kh3 Rh2# 0-1

[Event "Late-Titled-Tuesday-Blitz-January-30-2024"]
[Site "Chess.com"]
[Date "2024.01.30"]
[Round "6"]
[White "jmpion"]
[Black "MaxLeto"]
[Result "0-1"]
[WhiteElo "2520"]
[BlackElo "2419"]
[TimeControl "180+1"]
[EndTime "15:08:37 PST"]
[Termination "MaxLeto won by resignation"]

1. e4 c5 2. Nf3 d6 3. d4 cxd4 4. Nxd4 Nf6 5. Nc3 a6 6. h3 e6 7. g4 Qc7 8. Bg2 Nfd7 9. g5 b5 10. h4 Bb7 11. h5 Nc5 12. a3 Nc6 13. Be3 Ne5 14. f4 Nc4 15. Bc1 e5 16. Nf5 exf4 17. Bxf4 O-O-O 18. b3 Ne5 19. Qd2 Ne6 20. Be3 g6 21.
hxg6 fxg6 22. Nd4 Nxd4 23. Bxd4 Bg7 24. O-O-O Kb8 25. a4 b4 26. Nd5 Bxd5 27. exd5 a5 28. Qe3 Rc8 29. Rd2 Ng4 30. Qf4 Bxd4 31. Qxd4 Ne5 32.
Bh3 Rcf8 33. Bg2 Rf5 34. Re1 Rxg5 35. Be4 h5 36. Rg1 Rxg1+ 37. Qxg1 h4 38. Bxg6 Rg8 39.
Rg2 h3 40. Rg5 h2 41. Qxh2 Rxg6 42. Rxg6 Nxg6 43. Qg3 Ne5 44. Qg8+ Kb7 45. Qe6 Kb6 46. Qf6 Qc5 47. Qd8+ Qc7 48. Qf6 Kc5 49. Qf2+ Kxd5 50. Qd2+ Kc6 51. Kb2 Kb6 52. Qe3+ Qc5 53. Qh6 Qc3+ 54.
Kb1 Qe1+ 55. Kb2 Qc3+ 56. Kb1 Nc6 57. Qxd6 Qe1+ 58. Kb2 Qe5+ 59. Qxe5 Nxe5 60. c3 Nd3+ 61. Kc2 Nc5 62. cxb4 axb4 63. Kb2 Kc6 64. Kc2 Kd5 65.
Kb2 Kd4 66. Kc2 Nb7 67. Kb2 Na5 68. Kc2 Ke3 69. Kc1 Kd3 70. Kb2 Kd2 71. Ka2 Kc3 72.
Kb1 Kxb3 73. Ka1 Kxa4 74. Kb1 b3 75. Kb2 Kb4 76. Kb1 Ka3 77. Ka1 Nc4 78. Kb1 b2 79.
Kc2 Ka2 0-1

[Event "Late-Titled-Tuesday-Blitz-January-30-2024"]
[Site "Chess.com"]
[Date "2024.01.30"]
[Round "6"]
[White "Pingah9"]
[Black "leotobares"]
[Result "1/2-1/2"]
[WhiteElo "2525"]
[BlackElo "2407"]
[TimeControl "180+1"]
[EndTime "15:08:42 PST"]
[Termination "Game drawn by repetition"]

1. e4 c5 2. Nc3 g6 3. g3 Bg7 4. Bg2 Nc6 5. d3 e6 6. Be3 Nd4 7. Nge2 Ne7 8. Qd2 d6 9. a4 Qa5 10. Nc1 O-O 11. O-O b5 12. Ra2 b4 13. N3e2 e5 14. Nxd4 cxd4 15. Bh6 Be6 16. Bxg7 Kxg7 17. b3 Rac8 18. f4 f6 19. f5 gxf5 20. Bh3 Kh8 21. Ne2 Rg8 22. Qh6 Rg6 23. Qh4 Rg5 24. Qh6 Rg6 25. Qh4 Rg5 26. exf5 Bxf5 27. Bxf5 Nxf5 28. Qh3 Ne7 29. Qe6 Qd8 30. Rxf6 Rg7 31. Ra1 Qg8 32. Qxd6 Rxc2 33. Raf1 Ng6 34. Rf8 Nxf8 35. Rxf8 Rxe2 36. Rxg8+ Rxg8 37. Qf6+ Rg7 38. Kf1 Re3 39. h4 h5 40.
Qh6+ Kg8 41. Qe6+ Rf7+ 42. Kg2 Re2+ 43. Kh3 Re1 44. Qg6+ Kf8 45. Qxh5 Re3 46. Qh6+ Rg7 47. Qf6+ Kg8 48. Qe6+ Kf8 49. Qf5+ Kg8 50. Qc8+ Kh7 51. Qf5+ Kh6 52. Kh2 Rexg3 53. Qf6+ Kh7 54. Qxe5 Rg2+ 55. Kh3 Rg1 56. Qf5+ Kg8 57. Qd5+ Kh7 58. Qe4+ Kg8 59. Kh2 R1g4 60. Qe6+ Kh7 61. Qf5+ Kg8 62. Qd5+ Kh7 63.
Qh5+ Kg8 64. Qe8+ Kh7 65. Qh5+ Kg8 66. Qe8+ Kh7 67. Qh5+ 1/2-1/2

[Event "Late-Titled-Tuesday-Blitz-January-30-2024"]
[Site "Chess.com"]
[Date "2024.01.30"]
[Round "6"]
[White "Lion-Al-Messi"]
[Black "Yaacovn"]
[Result "1/2-1/2"]
[WhiteElo "2607"]
[BlackElo "2803"]
[TimeControl "180+1"]
[EndTime "15:08:43 PST"]
[Termination "Game drawn by repetition"]

1. e4 c6 2. Nf3 d5 3. Nc3 dxe4 4. Nxe4 Nf6 5. Nxf6+ gxf6 6. d4 Bg4 7. Be2 e6 8.
h3 Bh5 9. Be3 Nd7 10. Nh4 Bg6 11. Qd2 Nb6 12. f4 Qd5 13. Bf3 Be4 14. b3 Bxf3 15.
Nxf3 O-O-O 16. c4 Qe4 17. O-O Bb4 18. Qxb4 Qxe3+ 19. Kh1 Rhg8 20. a4 Nd7 21. a5 a6 22.
d5 c5 23. Qe1 Qxe1 24. Raxe1 Rde8 25. Nd2 f5 26. Nf3 Kc7 27. Ng5 Re7 28. dxe6 fxe6 29. Nxe6+ Kd6 30. Ng5 Rxe1 31. Rxe1 h5 32. Nf7+ Kc7 33.
Re7 Rg7 34. Kg1 h4 35. Kf2 Rh7 36. g3 hxg3+ 37. Kxg3 Rg7+ 38. Kh2 Rh7 39. Kg3 Rg7+ 40. Kf2 Rh7 41. Ke2 Rg7 42. h4 Rh7 43. Kf2 Rxh4 44. Ne5 Rxf4+ 45. Kg3 Rd4 46. Nf7 Rd3+ 47. Kf4 Rd1 48.
Ne5 Rf1+ 49. Kg5 Kd6 50. Rxd7+ Kxe5 51. Rxb7 Rg1+ 52. Kh4 f4 53. Re7+ Kd4 54. Rf7 Ke3 55. Re7+ Kd3 56. Rf7 Ke4 57. Re7+ Kf3 58. Re5 Rb1 59.
Rxc5 Rxb3 60. Rc6 Rc3 61. Rxa6 Rxc4 62. Rf6 Ra4 63. a6 Kg2 64. Rg6+ Kf2 65. Kh3 f3 66. Rb6 Ra2 67. Kh2 Ra5 68. Rb2+ Ke3 69. Rb3+ Kf4 70.
Rb4+ Ke3 71. Rb3+ Ke4 72. Rb4+ Ke3 73. Rb3+ 1/2-1/2

[Event "Late-Titled-Tuesday-Blitz-January-30-2024"]
[Site "Chess.com"]
[Date "2024.01.30"]
[Round "6"]
[White "vesalhamedinia"]
[Black "M1711"]
[Result "1-0"]
[WhiteElo "2491"]
[BlackElo "2654"]
[TimeControl "180+1"]
[EndTime "15:08:44 PST"]
[Termination "vesalhamedinia won on time"]

1. d4 d5 2. c4 c6 3. cxd5 cxd5 4. Nc3 Nf6 5. Bf4 Nc6 6. e3 Bf5 7. Qb3 Na5 8. Qa4+ Bd7 9. Qc2 e6 10. Bd3 Be7 11. Nf3 Nh5 12. Be5 Nc6 13. Qe2 Nxe5 14.
Nxe5 Nf6 15. Nxd7 Nxd7 16. Qh5 Nf6 17. Qh3 O-O 18. g4 g6 19. Qf3 Rc8 20. h4 Bb4 21.
Rc1 Ne4 22. Bxe4 dxe4 23. Qxe4 Qa5 24. O-O b6 25. Ne2 Qxa2 26. h5 Qxb2 27. Rxc8 Rxc8 28. Nf4 Qc2 29. Qe5 Bf8 30. Qg5 a5 31. d5 Qe4 32.
dxe6 fxe6 33. hxg6 h6 34. Qf6 Bg7 35. Qf7+ Kh8 36. Nxe6 Qxg4+ 37. Kh1 Qh5+ 38. Kg1 Qe5 39. Rd1 Qf6 40. Rd7 Qxf7 41. Rxf7 Bc3 42. Rh7+ Kg8 43. Rb7 a4 44. Rxb6 a3 45. Ra6 Bb2 46. Nd4 Kg7 47.
Nb5 Rc1+ 48. Kg2 Ra1 49. Kf3 a2 50. Nd6 Kxg6 51. Nc4+ Kg5 52. Nxb2 h5 53. Nd3 h4 54. Ra5+ Kg6 55. Nf4+ Kf6 56. Nh3 Ke6 57. Nf4+ Kf6 58. Ke4 h3 59. Nxh3 Rh1 60. Ra6+ Kf7 61. Ng5+ Ke7 62. Rxa2 Ra1 63. Rxa1 1-0

[Event "Late-Titled-Tuesday-Blitz-January-30-2024"]
[Site "Chess.com"]
[Date "2024.01.30"]
[Round "6"]
[White "RodokininEV"]
[Black "Chempiblinka"]
[Result "1-0"]
[WhiteElo "2642"]
[BlackElo "2320"]
[TimeControl "180+1"]
[EndTime "15:08:46 PST"]
[Termination "RodokininEV won by resignation"]

1. e4 c5 2. Nf3 Nc6 3. Bb5 g6 4. Bxc6 bxc6 5. c3 Bg7 6. O-O Nh6 7. Re1 O-O 8. d4 cxd4 9. cxd4 d5 10. Nc3 Bg4 11. exd5 cxd5 12. h3 Bxf3 13. Qxf3 Nf5 14. Qxd5 Bxd4 15. Qxd8 Rfxd8 16. Nb5 Bc5 17. Bf4 e6 18.
Rad1 Nd4 19. Nxd4 Bxd4 20. b3 Rac8 21. Rd2 Bc3 22. Rxd8+ Rxd8 23. Rc1 Ba5 24. a3 Bb6 25. b4 Kg7 26. Rc2 Rd1+ 27. Kh2 Rd3 28. a4 Rb3 29. Bd6 Bd4 30. f4 Ra3 31. a5 Rb3 32. Rc7 Kf6 33.
Be5+ Bxe5 34. fxe5+ Kxe5 35. Rxa7 Rxb4 36. Rxf7 h5 37.
a6 Ra4 38. Ra7 Ra3 39. Ra8 h4 40. a7 g5 41. Kg1 Ra2 42. Kf1 Ke4 43. Ke1 Ke5 44.
Kd1 Ke4 45. Kc1 Ke5 46. Kb1 Ra6 47. Kb2 Ke4 48. Kc3 Ke5 49. Kb4 Ra1 50. Kb5 Rb1+ 51. Kc6 Ra1 52. Kc7 Ra2 53. Kd7 Ra1 54. Ke7 Ra2 55. Kf7 Kf5 56. Kg7 Ke5 57. Kg6 Ke4 58.
Kxg5 Rxg2+ 59. Kxh4 Ra2 60. Kg3 Ke5 61. Kg4 Ra1 62. h4 Rg1+ 63. Kh5 Ra1 64. Kh6 Ra2 65. h5 Ke4 66. Kh7 e5 67. h6 Ke3 68.
Kh8 e4 69. h7 Ra1 70. Kg8 Rg1+ 71. Kf7 Rf1+ 72. Ke7 Rh1 73. h8=Q Rxh8 74. Rxh8 Ke2 75. Rh2+ 1-0